 Dungeon Crawl Stone Soup version 0.31-a0-977-gc230f8ef24 (webtiles) character file.

Game seed: 15718009223024322602

15 skwerlee the Shooter (level 2, -1/18 HPs)
             Began as a Kobold Hunter on Oct 29, 2023.
             Slain by a jackal (3 damage)
             ... on level 1 of the Dungeon.
             The game lasted 00:00:51 (145 turns).

skwerlee the Shooter (Kobold Hunter)                 Turns: 145, Time: 00:00:51

Health: -1/18      AC:  3    Str:  8    XL:     2   Next: 65%
Magic:  2/2        EV: 14    Int: 10    God:
Gold:   12         SH:  0    Dex: 18    Spells: 1/1 levels left

rFire   . . .        a - +0 shortbow
rCold   . . .        (shield currently unavailable)
rNeg    . . .        c - +0 leather armour
rPois   .            (no helmet)
rElec   .            (no cloak)
rCorr   .            (no gloves)
SInv    .            (no boots)
Will    .....        (no amulet)
Stlth   +++          (no ring)
HPRegen 0.23/turn    (no ring)
MPRegen 0.08/turn

%: no passive effects
@: no status effects
A: small, no large weapons, nightstalker 3
a: no special abilities


You were on level 1 of the Dungeon.
You visited 1 branch of the dungeon, and saw 1 of its levels.

You collected 12 gold pieces.

Inventory:

Hand Weapons
 a - a +0 shortbow (weapon)
Armour
 c - a +0 leather armour (worn)
Scrolls
 b - a scroll of butterflies
 d - a scroll of poison {unknown}


   Skills:
 + Level 2.4 Fighting
 + Level 6.0 Ranged Weapons
 - Level 2.4 Dodging
 + Level 1.3 Stealth


You had one spell level left.
You didn't know any spells.
Your spell library was empty.

Dungeon Overview and Level Annotations

Branches:
Dungeon (1/15)

Altars:


Innate Abilities, Weirdness & Mutations

You are small and have problems with some larger weapons.
You are completely attuned to the shadows.


Message History

The jackal bites you but does no damage.
The jackal misses you. x2
You shoot an arrow.
The arrow hits the jackal but does no damage.
The jackal is severely wounded.
The jackal closely misses you. The jackal bites you.
The jackal bites you but does no damage. x2
The jackal closely misses you. The jackal bites you.
The jackal closely misses you.
You shoot an arrow. The arrow hits the jackal.
You kill the jackal!
The jackal closely misses you.
The jackal bites you but does no damage.
The jackal bites you. The jackal closely misses you.
Your Ranged Weapons skill increases to level 6!
You are too injured to fight recklessly!
You are too injured to fight recklessly!
You are too injured to fight recklessly!
You are too injured to fight recklessly!
You are too injured to fight recklessly!
You shoot an arrow. The arrow misses the jackal.
The jackal closely misses you. The jackal bites you. The jackal misses you.
The jackal bites you but does no damage.
The jackal closely misses you. The jackal barely misses you.
You shoot an arrow.
The arrow hits the jackal but does no damage.
The jackal bites you. x2
* * * LOW HITPOINT WARNING * * *
The jackal bites you.
* * * LOW HITPOINT WARNING * * *
You shoot an arrow. The arrow barely misses the jackal.
The jackal barely misses you. x2; The jackal misses you. x2
The jackal bites you.
* * * LOW HITPOINT WARNING * * *
The jackal misses you.
You shoot an arrow. The arrow hits the jackal.
The jackal is heavily wounded.
The jackal bites you but does no damage.
The jackal bites you.
You die...

+###### ......#
......# ......#
..# ......#
#.######..#
......#
..........#
<.....#
#.....hhh.#.
......#
#...)..@..(.
......#
#.#.........
......#
#...#######.
......# #.......
......## #.......
'#######.#.######
.# #......# .#
###.##.# .#
#.##.#


You could see 3 jackals.

Vanquished Creatures
  An endoplasm (D:1)
  A hobgoblin (D:1)
  4 jackals (D:1)
  2 kobolds (D:1)
  A ball python (D:1)
  2 bats (D:1)
  2 frilled lizards (D:1)
  A rat (D:1)
14 creatures vanquished.

Notes
Turn   | Place    | Note
-------+----------+-------------------------------------------
     0 | D:1      | skwerlee the Kobold Hunter began the quest for the Orb.
     0 | D:1      | Reached XP level 1. HP: 12/12 MP: 1/1
    61 | D:1      | Reached XP level 2. HP: 18/18 MP: 2/2
   142 | D:1      | Reached skill level 6 in Ranged Weapons
   145 | D:1      | Slain by a jackal

Illustrated notes

Levels and vault maps discovered:
D:1:      psy_arrival_statuary, layout_basic

Skill      XL: |  1  2 |
---------------+-------+-----
Ranged Weapons | 6 |  6.0
Fighting       | |  2.4
Dodging        | |  2.4
Stealth        | |  1.3

Action                     || total
---------------------------++-------
   Fire: Shortbow          ||    37
 Armour: Leather armour    ||    25
  Dodge: Dodged            ||    48

Table legend: (Time is in decaauts)
 A = Elapsed time spent in this place.
 B = Non-inter-level travel time spent in this place.
 C = Inter-level travel time spent in this place.
 D = Time resting spent in this place.
 E = Time spent auto-exploring this place.
 F = Levels seen in this place.
 G = Mean time per level.
                   A        B        C        D        E       F      G
               +--------+--------+--------+--------+--------+-----+--------+
         Total |    151 |    151 |      0 |      0 |     98 |   1 |  151.0 |
       Dungeon |    151 |    151 |      0 |      0 |     98 |   1 |  151.0 |
               +--------+--------+--------+--------+--------+-----+--------+

Top non-repeatable levels by time:
     D:1: 151 daAuts
